 Dungeon Crawl Stone Soup version 0.30-a0-297-g0ec75d9ef4 (webtiles) character file.

Game seed: 11424456840886208987

270 Bnni the Shooter (level 6, -4/48 HPs)
             Began as a Formicid Hunter on Oct 18, 2022.
             Killed by divine providence
             ... invoked by an orc priest
              (7 damage)
             ... on level 4 of the Dungeon.
             The game lasted 00:05:09 (2815 turns).

Bnni the Shooter (Formicid Hunter)                  Turns: 2815, Time: 00:05:10

Health: -4/48      AC: 12    Str: 24    XL:     6   Next: 46%
Magic:  6/6        EV: 11    Int: 14    God:
Gold:   88         SH:  0    Dex: 19    Spells: 5/5 levels left

rFire   . . .      SeeInvis +    t - +5 falchion "Fuvujuih" {vorpal, Str+3 Int+5}
rCold   + . .      Faith    .    (no shield)
rNeg    . . .      Spirit   .    o - +4 ring mail {rC+}
rPois   .          Reflect  .    (helmet unavailable)
rElec   .          Harm     .    (no cloak)
rCorr   .          Rampage  .    (no gloves)
Will    .....                    e - +2 pair of boots
Stlth   +.........               (no amulet)
HPRegen 0.28/turn                q - +6 ring of strength
MPRegen 0.10/turn                (no ring)

@: no status effects
A: permanent stasis, dig shafts and tunnels, antennae 3, four strong arms
a: Dig, Shaft Self


You were on level 4 of the Dungeon.
You visited 1 branch of the dungeon, and saw 4 of its levels.

You collected 221 gold pieces.
You spent 133 gold pieces at shops.

Inventory:

Hand Weapons
 a - a +0 shortbow
 t - the +5 falchion "Fuvujuih" (weapon) {vorpal, Str+3 Int+5}
   (You found it on level 3 of the Dungeon)

   It inflicts extra damage upon your enemies.
   Str:       It affects your strength (+3).
   Int:       It affects your intelligence (+5).
Armour
 e - a +2 pair of boots (worn)
 o - a +4 ring mail of cold resistance (worn)
Jewellery
 q - a +6 ring of strength (left hand)
Scrolls
 b - 2 scrolls of immolation
 c - a scroll of summoning {unknown}
 d - a scroll of amnesia {unknown}
 f - a scroll of vulnerability {unknown}
 g - a scroll of butterflies {unknown}
 l - 2 scrolls of teleportation {unknown}
 m - 2 scrolls of magic mapping {unknown}
 n - 2 scrolls of fear {unknown}
 p - a scroll of identify {unknown}
 v - a scroll of blinking {unknown}
Potions
 h - 2 potions of ambrosia {unknown}
 i - 2 potions of attraction {unknown}
 j - 3 potions of cancellation {unknown}
 k - a potion of haste {unknown}
 r - a potion of lignification {unknown}
 s - a potion of mutation {unknown}
 u - a potion of curing {unknown}
 w - a potion of brilliance {unknown}


   Skills:
 + Level 3.9 Fighting
 * Level 5.9 Ranged Weapons
 + Level 3.0 Armour
 - Level 1.7 Dodging
 - Level 1.2 Stealth


You had 5 spell levels left.
You didn't know any spells.
Your spell library contained the following spells:

 Spells                   Type           Power      Damage    Failure   Level
 Shock                    Conj/Air       0%         1d3       41%         1
 Summon Small Mammal      Summ           0%         N/A       41%         1
 Call Canine Familiar     Summ           0%         N/A       78%         3
 Summon Guardian Golem    Hex/Summ       0%         N/A       78%         3
 Airstrike                Air            0%         2d(0-16)  99%         4
 Swiftness                Air            Unusable   N/A       N/A         3

Dungeon Overview and Level Annotations

Branches:
Dungeon (4/15)
 Temple: D:4-7

Altars:

Shops:
D:2 *


Innate Abilities, Weirdness & Mutations

You cannot be hasted, slowed, berserked, paralysed or teleported.
You can dig through walls and to a lower floor.
You have a pair of large antennae on your head. (SInv)
Your four strong arms can wield two-handed weapons with a shield.


Message History

The orc hits you with a +0 whip.
The orc hits you with a +1 falchion of flaming.
The orc burns you.
The orc hits you from afar with a +0 trident.
The orc priest barely misses you.
Your Armour skill increases to level 3!
You hit the orc priest.
The orc priest is heavily wounded.
The orc barely misses you. x2
The orc priest hits you but does no damage.
The orc hits you but does no damage.
You hit the orc priest.
The orc priest is almost dead.
The orc hits you but does no damage. x2
The orc priest calls upon Beogh to heal the orc.
The orc's wounds heal themselves!
The orc barely misses you.
You closely miss the orc priest.
The orc priest is almost dead.
The orc hits you from afar with a +0 trident.
The orc hits you but does no damage.
The orc priest hits you but does no damage.
The orc barely misses you.
You completely miss the orc priest.
The orc priest is almost dead.
The orc closely misses you. x2
The orc priest hits you with a +0 flail!
* * * LOW HITPOINT WARNING * * *
The orc hits you with a +1 falchion of flaming.
* * * LOW HITPOINT WARNING * * *
The orc burns you.
* * * LOW HITPOINT WARNING * * *
The orc closely misses you. The orc misses you. The orc closely misses you.
The orc priest hits you with a +0 flail.
* * * LOW HITPOINT WARNING * * *
Okay, then.
Are you sure you want to shaft yourself?
The orc misses you. The orc hits you but does no damage.
The orc priest invokes the aid of Beogh against you.
Beogh smites you!
You die...

.....[............#
..##.)##.####..####
..##..##.####..##
##.
..##............#
...
..##....††......#
....
..##..##+####..##
..... ..##..##
##..###+##..#
.......#
#.[..oo.....###
..:....+
#....@o).......
..##..##
##...##o##..##.
..##### ######.# #
... ............#
... ............#
..# :..............
### ...oo.....?....
...............
.##..##..#####.


You could see an orc priest and 3 orcs.

Vanquished Creatures
  A phantom (D:4)
  A hound (D:4)
  3 orc wizards (D:4)
  Robin (D:2)
  3 adders
  A worm (D:2)
  A dart slug (D:2)
  An orc (D:4)
  2 ball pythons
  4 endoplasms
  A giant cockroach (D:2)
  10 goblins
  6 hobgoblins
  3 jackals (D:4)
  3 kobolds (D:4)
  A quokka (D:3)
  4 bats
  2 frilled lizards
  4 rats
52 creatures vanquished.

Notes
Turn   | Place    | Note
-------+----------+-------------------------------------------
     0 | D:1      | Bnni the Formicid Hunter began the quest for the Orb.
     0 | D:1      | Reached XP level 1. HP: 16/16 MP: 1/1
   360 | D:1      | Reached XP level 2. HP: 23/23 MP: 2/2
  1017 | D:2      | Found Fuxuot's Assorted Antiques.
  1241 | D:2      | Reached skill level 1 in Armour
  1264 | D:2      | Reached XP level 3. HP: 19/28 MP: 3/3
  1536 | D:2      | Bought a glowing ring mail for 133 gold pieces
  1579 | D:3      | Noticed Robin
  1615 | D:2      | Killed Robin
  1618 | D:2      | Reached XP level 4. HP: 14/34 MP: 4/4
  1773 | D:3      | Found a faded altar of an unknown god.
  2388 | D:3      | Identified the +5 falchion "Fuvujuih" {vorpal, Str+3 Int+5}
  2469 | D:3      | Reached skill level 5 in Ranged Weapons
  2616 | D:4      | Reached XP level 5. HP: 35/41 MP: 5/5
  2772 | D:4      | Noticed a phantom
  2786 | D:4      | Killed a phantom
  2787 | D:4      | Reached XP level 6. HP: 48/48 MP: 6/6
  2815 | D:4      | Killed from afar by an orc priest

Illustrated notes

Levels and vault maps discovered:
D:1:      onia_arrival_mini_spirals, layout_loops_ring, grunt_decor_arrowhead,
          fountainhead
D:2:      layout_loops_ring, serial_shops, nicolae_diamond_shop,
          hangedman_decor_growths, supply_closet_lemuel
D:3:      layout_basic, nicolae_ecumenical_oubliette, uniq_robin
D:4:      layout_gridville, uniq_ijyb

Skill      XL: |  1  2  3  4  5  6 |
---------------+-------------------+-----
Armour         | 1 2 3 |  3.0
Fighting       | 3 |  3.9
Ranged Weapons | 5 |  5.9
Dodging        | |  1.7
Stealth        | |  1.2

Action                   |  1- 3 |  4- 6 || total
-------------------------+-------+-------++-------
Melee: Falchion          |       |    23 ||    23
 Fire: Shortbow          |    67 |   105 ||   172
 Abil: Dig               |     2 |       ||     2
       Shaft Self        |       |     1 ||     1
Armor: Ring mail         |    38 |    71 ||   109
Dodge: Dodged            |    52 |    73 ||   125

Table legend: (Time is in decaauts)
 A = Elapsed time spent in this place.
 B = Non-inter-level travel time spent in this place.
 C = Inter-level travel time spent in this place.
 D = Time resting spent in this place.
 E = Time spent auto-exploring this place.
 F = Levels seen in this place.
 G = Mean time per level.
                   A        B        C        D        E       F      G
               +--------+--------+--------+--------+--------+-----+--------+
         Total |   2882 |   2627 |    255 |    132 |   2011 |   4 |  720.5 |
       Dungeon |   2882 |   2627 |    255 |    132 |   2011 |   4 |  720.5 |
               +--------+--------+--------+--------+--------+-----+--------+

Top non-repeatable levels by time:
     D:2: 1082 daAuts
     D:3: 778 daAuts
     D:1: 741 daAuts
     D:4: 280 daAuts
